AoeStats
← zombiekiller7

Black Forest

511001826Analyzed
2v2 RM · 11h ago on Oct 3, 2026· 19m 43s· 4 players
Game mode
Random Map
Map size
Medium (4 player)
Population
200
Speed
Normal
Resources
Standard
Victory
Conquest
Starting age
Dark Age
Ending age
Imperial Age
RankedLock teamsTeams togetherTeam positionsShared explorationLock speedFull tech treeHidden civsTurbo modeCheats
Victory
Defeat
🇩🇪 Koreans · Germany
1116
+11
🇩🇪 Danes · Germany
930
+19
🇹🇷 Celts · Türkiye
1011
-15
1000
-45
zombiekiller7
0:25 Loom
12:39 Feudal Age
16:40 Castle Age
17:54 Double-Bit Axe
20:21 Bow Saw
我的女神是大长腿
10:05 Feudal Age
15:17 Wheelbarrow
16:51 Horse Collar
Lux
0:42 Loom
12:09 Feudal Age
12:46 Double-Bit Axe
13:19 Horse Collar
17:21 Wheelbarrow
17:03 Man-at-Arms
NoHara
0:33 Loom
12:07 Feudal Age
16:47 Double-Bit Axe
16:46 Horse Collar
20:59 Castle Age
Connection lost

Rejoining the realm…

Still unreachable

The connection could not be restored.

Session expired

The server has moved on; the page needs a fresh start.